 Dungeon Crawl Stone Soup version 0.29.0-4-gdea44cf6ec (webtiles) character file.

Game seed: 17148144948246514939

95 qw the Chopper (level 4, -2/26 HPs)
             Began as a Tengu Warper on Aug 28, 2022.
             Slain by an orc priest
             ... wielding a +1 whip of electrocution
              (20 damage)
             ... on level 3 of the Dungeon.
             The game lasted 00:00:17 (2882 turns).

qw the Chopper (Tengu Warper)                       Turns: 2882, Time: 00:00:18

Health: -2/26      AC:  7    Str: 16    XL:     4   Next: 65%
Magic:  8/8        EV: 10    Int: 16    God:
Gold:   118        SH:  0    Dex: 19    Spells: 7/7 levels left

rFire   x . .      SeeInvis .   Y - +0 hand axe
rCold   + . .      Faith    .   (no shield)
rNeg    . . .      Spirit   .   n - +0 scale mail
rPois   .          Reflect  .   (helmet restricted)
rElec   .          Harm     .   (no cloak)
rCorr   .          Rampage  .   d - +0 pair of gloves
Will    +....                   (boots unavailable)
Stlth   ..........              (no amulet)
HPRegen 0.08/turn               g - +6 ring of dexterity
MPRegen 0.11/turn               l - ring "Ulato" {Ice Will+ Str+3 Int+2}

@: no status effects
A: beak, talons 3
a: no special abilities


You were on level 3 of the Dungeon.
You visited 1 branch of the dungeon, and saw 3 of its levels.

You collected 118 gold pieces.


Innate Abilities, Weirdness & Mutations

You have a beak for a mouth.
You have claws for feet.


   Skills:
 - Level 2.0 Fighting
 + Level 5.2 Axes
 - Level 1.0 Throwing
 - Level 1.1 Armour
 - Level 2.1 Dodging
 - Level 2.0 Spellcasting
 - Level 2.4 Translocations


You had 7 spell levels left.
You didn't know any spells.
Your spell library contained the following spells:

 Spells                   Type           Power      Damage    Failure   Level
 Blink                    Tloc           18%        N/A       41%         2
 Gell's Gravitas          Tloc           9%         N/A       65%         3
 Lesser Beckoning         Tloc           9%         N/A       65%         3
 Teleport Other           Tloc           9%         N/A       65%         3
 Manifold Assault         Tloc           9%         N/A       100%        5

Inventory:

Hand Weapons
 h - a +0 flail
 Y - a +0 hand axe (weapon)
Armour
 d - a +0 pair of gloves (worn)
 n - a +0 scale mail (worn)
Jewellery
 g - a +6 ring of dexterity (left hand)
 l - the ring "Ulato" (right hand) {Ice Will+ Str+3 Int+2}
   (You found it on level 2 of the Dungeon)

   [ring of ice]

   It enhances your ice magic.
   Str:       It affects your strength (+3).
   Int:       It affects your intelligence (+2).
   rF:        It makes you vulnerable to fire.
   rC:        It protects you from cold.
   Will:      It increases your willpower.
 m - a ring of fire
Scrolls
 f - a scroll of teleportation
 o - a scroll of identify
Potions
 a - a potion of haste
 c - 2 potions of heal wounds
 e - a potion of curing
 i - a potion of might {unknown}
 j - a potion of ambrosia {unknown}
 k - a potion of attraction {unknown}

Dungeon Overview and Level Annotations

Branches:
Dungeon (3/15)

Altars:

Annotations:
D:3 Robin


Message History

You climb upwards.
There is a stone staircase leading down here.
You closely miss the orc. You peck the orc, but do no damage.
The orc hits you but does no damage.
You hit the orc but do no damage. The orc hits you but does no damage.
You closely miss the orc. You claw the orc, but do no damage.
The orc hits you but does no damage.
You hit the orc. You peck the orc.
The orc is severely wounded.
The orc hits you with a +0 club.
You closely miss the orc. You claw the orc, but do no damage.
The orc is severely wounded.
The orc closely misses you.
You hit the orc.
You kill the orc!
You start resting.
HP restored.
Done exploring.
(D) Dungeon
Where to? (* - list waypoints, Enter - D:3, ? - help)
What level of the Dungeon? (default 1, ? - help)
You climb downwards.
Level annotation: Robin The orc hits you with a +0 war axe.
The orc closely misses you.
There is a stone staircase leading up here.
You hit the orc priest.
You claw the orc priest, but do no damage.
You peck the orc priest, but do no damage.
The orc priest is lightly wounded.
You closely miss the orc.
The orc priest hits you with a +1 whip of electrocution.
The orc misses you.
You hit the orc priest.
The orc priest is heavily wounded.
You hit the orc.
The orc priest hits you with a +1 whip of electrocution.
You are electrocuted!!
Ouch! That really hurt!
You die...

...# #................##........
...# ##..............##))###....
...######.....##........)#.....#.
......######.#......#.....>##.##.
.........#............#######.##.
.##....#..........##### #.##.
.###.#.###......#.# #.##.
.###.#.##.......o.###### #.##.
...#............@....... #..#.
...............o##.#.... ##.#.
................##... ## #.#.
.....................# #.#.
............(.###.....# #.#.
..................... .# #.#.
.#..........###...... . #.#.
........##..# ...... #.#.
......####..... ... #...


You could see an orc priest and an orc.

Vanquished Creatures
  4 adders
  A dart slug (D:1)
  An orc (D:2)
  3 ball pythons
  5 endoplasms
  2 giant cockroaches (D:3)
  9 hobgoblins
  7 jackals
  A quokka (D:3)
  2 bats (D:1)
  2 frilled lizards
  7 goblins
  4 kobolds
  3 rats
51 creatures vanquished.

Notes
Turn   | Place    | Note
-------+----------+-------------------------------------------
     0 | D:1      | qw the Tengu Warper began the quest for the Orb.
     0 | D:1      | Reached XP level 1. HP: 12/12 MP: 4/4
     0 | D:1      | 0 ||| qw: Version: 0.1-a-89-g26bdef1
     0 | D:1      | 0 ||| qw: Game counter: 1766
     0 | D:1      | 0 ||| qw: Always use a shield: true
     0 | D:1      | 0 ||| qw: God list: Okawaru
     0 | D:1      | 0 ||| qw: Allow faded altars: false
     0 | D:1      | 0 ||| qw: Do Orc after D:15 true
     0 | D:1      | 0 ||| qw: Do second Lair branch before Depths: true
     0 | D:1      | 0 ||| qw: Lair rune preference: random
     0 | D:1      | 0 ||| qw: Plans: Normal
     0 | D:1      | 0 ||| PLANNING D:1-11
   125 | D:1      | Found a faded altar of an unknown god.
   378 | D:1      | Reached XP level 2. HP: 17/17 MP: 6/6
   405 | D:1      | Reached skill level 3 in Axes
   603 | D:1      | 603 ||| Stepping ~*~*~tactically~*~*~ (hiding).
   930 | D:1      | 930 ||| DROPPING +0 club.
   939 | D:1      | Reached XP level 3. HP: 17/21 MP: 7/7
  1264 | D:1      | 1264 ||| UPGRADING to +0 pair of gloves.
  1269 | D:1      | 1269 ||| UPGRADING to +6 ring of dexterity.
  1270 | D:1      | 1270 ||| READING scroll labelled PEKKIOCREUB.
  1271 | D:1      | 1271 ||| READING scroll labelled CIJ HEANKIZING.
  1272 | D:1      | 1272 ||| READING scroll labelled CISSEBB AXAAG.
  1273 | D:1      | 1273 ||| READING scroll labelled JIKICR ZUANN.
  1274 | D:1      | 1274 ||| DROPPING scroll of blinking.
  1285 | D:2      | 1285 ||| STAIRDANCE
  1295 | D:1      | Reached skill level 4 in Axes
  1507 | D:2      | 1507 ||| DROPPING +0 whip.
  1740 | D:2      | Reached XP level 4. HP: 11/26 MP: 8/8
  1970 | D:2      | Identified the ring "Ulato" {Ice Will+ Str+3 Int+2}
  2186 | D:2      | 2186 ||| UPGRADING to +0 ring mail.
  2196 | D:2      | 2196 ||| DROPPING +0 leather armour.
  2197 | D:2      | 2197 ||| UPGRADING to +0 scale mail.
  2207 | D:2      | 2207 ||| DROPPING +0 ring mail.
  2208 | D:2      | 2208 ||| UPGRADING to ring "Ulato" {Ice Will+ Str+3 Int+2}.
  2209 | D:2      | 2209 ||| READING 2 scrolls labelled VOLIPH MUKUOH.
  2214 | D:2      | 2214 ||| READING scroll labelled YWKIFA GI UPA.
  2215 | D:2      | 2215 ||| DRINKING 2 red potions.
  2358 | D:3      | 2358 ||| Stepping ~*~*~tactically~*~*~ (stealth).
  2362 | D:3      | Noticed Robin
  2363 | D:3      | 2363 ||| Stepping ~*~*~tactically~*~*~ (stealth).
  2365 | D:3      | 2365 ||| Stepping ~*~*~tactically~*~*~ (stealth).
  2378 | D:3      | 2378 ||| FLEEEEING.
  2476 | D:3      | Reached skill level 5 in Axes
  2592 | D:3      | 2592 ||| FLEEEEING.
  2593 | D:3      | 2593 ||| FLEEEEING.
  2594 | D:3      | 2594 ||| FLEEEEING.
  2595 | D:3      | 2595 ||| FLEEEEING.
  2596 | D:3      | 2596 ||| FLEEEEING.
  2597 | D:3      | 2597 ||| FLEEEEING.
  2598 | D:3      | 2598 ||| FLEEEEING.
  2599 | D:3      | 2599 ||| FLEEEEING.
  2600 | D:3      | 2600 ||| FLEEEEING.
  2601 | D:3      | 2601 ||| FLEEEEING.
  2602 | D:3      | 2602 ||| FLEEEEING.
  2603 | D:3      | 2603 ||| FLEEEEING.
  2604 | D:3      | 2604 ||| FLEEEEING.
  2605 | D:3      | 2605 ||| FLEEEEING.
  2606 | D:3      | 2606 ||| FLEEEEING.
  2607 | D:3      | 2607 ||| FLEEEEING.
  2608 | D:3      | 2608 ||| FLEEEEING.
  2609 | D:3      | 2609 ||| FLEEEEING.
  2610 | D:3      | 2610 ||| FLEEEEING.
  2611 | D:3      | 2611 ||| FLEEEEING.
  2612 | D:3      | 2612 ||| FLEEEEING.
  2613 | D:3      | 2613 ||| FLEEEEING.
  2614 | D:3      | 2614 ||| FLEEEEING.
  2615 | D:3      | 2615 ||| FLEEEEING.
  2616 | D:3      | 2616 ||| FLEEEEING.
  2617 | D:3      | 2617 ||| FLEEEEING.
  2618 | D:3      | 2618 ||| FLEEEEING.
  2619 | D:3      | 2619 ||| FLEEEEING.
  2620 | D:3      | 2620 ||| FLEEEEING.
  2621 | D:3      | 2621 ||| STAIRDANCE
  2818 | D:2      | 2818 ||| READING scroll labelled LETOMM PAASIMU.
  2819 | D:2      | 2819 ||| READING 3 scrolls of identify.
  2819 | D:2      | 2819 ||| IDENTIFYING bubbling green potion
  2820 | D:2      | 2820 ||| READING 2 scrolls of identify.
  2820 | D:2      | 2820 ||| IDENTIFYING emerald potion
  2823 | D:3      | 2823 ||| STAIRDANCE
  2882 | D:3      | Slain by an orc priest

Levels and vault maps discovered:
D:1:      lightli_arrival_isolated_outpost, layout_basic,
          serial_co_window_serial, co_window_corner_a, co_window_paths_b,
          co_window_paths_a, co_window_paths_a, co_window_corner_a,
          co_window_of_opportunity_b, co_window_unsneaky_path_d,
          co_window_broadway_a, co_window_4corner_a, glass_columns_a,
          glass_columns_c, glass_columns_b, glass_columns_a, glass_columns_a,
          ebering_ecumenical_altar_ruins
D:2:      layout_rooms
D:3:      layout_rooms, uniq_robin

Skill      XL: |  1  2  3  4 |
---------------+-------------+-----
Axes           | 3 4 5 |  5.2
Fighting       | |  2.0
Throwing       | |  1.0
Armour         | |  1.1
Dodging        | |  2.1
Spellcasting   | |  2.0
Translocations | |  2.4

Action                   |  1- 3 |  4- 6 || total
-------------------------+-------+-------++-------
Melee: Hand axe          |    73 |    41 ||   114
       Kick              |    20 |    11 ||    31
       Peck              |     7 |     7 ||    14
       Punch             |       |     1 ||     1
Throw: Boomerang         |     7 |       ||     7
  Use: Scroll            |     4 |     5 ||     9
       Potion            |       |     1 ||     1
Armor: Leather armour    |    19 |       ||    19
       Scale mail        |       |    11 ||    11
Dodge: Dodged            |    47 |    16 ||    63

Table legend:
 A = Non-vault XP
 B = Vault XP
 C = Vault XP percentage of total XP
 D = Non-vault monster count
 E = Vault monster count
 F = Vault count percentage of total count
                 A         B        C        D         E       F
            +---------+---------+-------+---------+---------+-------
      Total |     124 |      12 |   8.8 |      45 |       6 |  11.8
            +---------+---------+-------+---------+---------+-------
        D:1 |      51 |       0 |   0.0 |      23 |       0 |   0.0
        D:2 |      40 |       0 |   0.0 |       9 |       0 |   0.0
        D:3 |      33 |      12 |  26.7 |      13 |       6 |  31.6
            +---------+---------+-------+---------+---------+-------
